 Dungeon Crawl Stone Soup version 0.31-a0-662-g684573625c (webtiles) character file.

Game seed: 15167493005519337885

60464 arthad the Warrior (level 14, -1/135 HPs)
             Began as a Minotaur Fighter on Aug 31, 2023.
             Was a High Priest of Okawaru.
             Slain by a green draconian monk (6 damage)
             ... on level 4 of the Abyss.
             The game lasted 00:39:14 (18020 turns).

arthad the Warrior (Minotaur Fighter)              Turns: 18020, Time: 00:39:15

Health: -1/135     AC: 24    Str: 31    XL:     14   Next: 57%
Magic:  19/21      EV: 12    Int:  5    God:    Okawaru [*****.]
Gold:   1330       SH: 15    Dex: 11    Spells: 13/13 levels left

rFire   . . .        a - +4 broad axe "Waduxic" {flame, Fragile rC+ SInv}
rCold   + + .        z - +2 buckler
rNeg    . . .        b - +0 scale mail
rPois   +            i - +2 hat
rElec   +            k - +5 cloak of Polytheism {rElec}
rCorr   .            (no gloves)
SInv    +            q - +2 pair of boots
Will    +....        P - amulet of reflection
Stlth   +            e - +6 ring of strength
HPRegen 0.42/turn    o - ring of poison resistance
MPRegen 0.17/turn

%: reflection
@: about to teleport, heroic, unable to read
A: horns 2, retaliatory headbutt, cold resistance 1, screaming 1, shaggy fur 1,
inability to read after injury 1
a: Renounce Religion, Heroism, Finesse, Duel


You were on level 4 of the Abyss.
You worshipped Okawaru.
Okawaru was extremely pleased with you.
You visited 1 branch of the dungeon, and saw 15 of its levels.
You visited the Abyss 2 times.
You also visited: Ossuary and Ice Cave.

You collected 2123 gold pieces.
You spent 793 gold pieces at shops.

Inventory:

Hand Weapons
 a - the +4 broad axe "Waduxic" (weapon) {flame, Fragile rC+ SInv}
   (You bought it in a shop on level 9 of the Dungeon)

   rC+:       It protects you from cold.
   SInv:      It lets you see invisible.
   Fragile:   It will be destroyed if unequipped.
 j - a +3 longbow of flaming
 A - a +0 broad axe
 L - a +3 eudemon blade of holy wrath
 Y - the +5 broad axe of Paeb {flame, Str+4}
   (Okawaru gifted it to you on level 14 of the Dungeon)

   Str+4:     It affects your strength (+4).
 Z - a +2 executioner's axe of freezing
Missiles
 g - 47 poisoned darts (quivered)
 p - 5 atropa-tipped darts
 r - 5 datura-tipped darts
 w - 5 curare-tipped darts
 O - 16 boomerangs
 Q - 3 darts of dispersal
Armour
 b - a +0 scale mail (worn)
 c - the scarf "Goukunt" {repulsion, Dex+4}
   (Okawaru gifted it to you on level 14 of the Dungeon)

   Dex+4:     It affects your dexterity (+4).
 i - a +2 hat (worn)
 k - the +5 cloak of Polytheism (worn) {rElec}
   (Okawaru gifted it to you in an ice cave)

   rElec:     It insulates you from electricity.
 q - a +2 pair of boots (worn)
 z - a +2 buckler (worn)
 T - a +0 tower shield
Jewellery
 e - a +6 ring of strength (left hand)
 o - a ring of poison resistance (right hand)
 y - an amulet of magic regeneration
 B - an amulet of the acrobat
 N - a ring of ice
 P - an amulet of reflection (around neck)
Wands
 C - a wand of paralysis (3)
 M - a wand of polymorph (3)
 S - a wand of flame (30)
Scrolls
 n - 2 scrolls of blinking
 s - 3 scrolls of fear
 D - 2 scrolls of teleportation
 E - a scroll of enchant armour
 F - 4 scrolls of vulnerability
 G - a scroll of amnesia
 I - a scroll of revelation {unknown}
Potions
 d - 3 potions of ambrosia
 f - 3 potions of attraction
 h - a potion of resistance
 l - 4 potions of curing
 m - 3 potions of enlightenment
 t - 4 potions of magic
 u - 8 potions of lignification
 v - 3 potions of degeneration
 x - 2 potions of mutation
 H - a potion of might
 J - 2 potions of cancellation
 K - a potion of haste
 R - a potion of berserk rage
 U - a potion of heal wounds
 V - a potion of invisibility {unknown}
 W - a potion of experience {unknown}
 X - a potion of brilliance {unknown}


   Skills:
 * Level 15.4(20.4) Fighting
 * Level 15.2(20.2) Axes
 + Level 6.8(11.8) Throwing
 + Level 12.3(17.3) Armour
 + Level 12.2(17.2) Shields
 * Level 11.4 Invocations


You had 13 spell levels left.
You didn't know any spells.
Your spell library contained the following spells:

 Spells                   Type           Power      Damage    Failure   Level
 Apportation              Tloc           0%         N/A       65%         1
 Necrotise                Necr           0%         1d4       65%         1
 Cigotuvi's Dreadful Rot  Necr/Pois/Air  0%         N/A       80%         2
 Gell's Gravitas          Tloc           0%         N/A       95%         3
 Teleport Other           Tloc           0%         N/A       95%         3
 Dispel Undead            Necr           0%         3d6       100%        4
 Olgreb's Toxic Radiance  Pois           0%         N/A       100%        4
 Dispersal                Tloc           0%         N/A       100%        6
 Discord                  Hex            0%         N/A       100%        8
 Ignition                 Fire           0%         3d3       100%        8
 Summon Small Mammal      Summ           Unusable   N/A       N/A         1
 Death Channel            Necr           Unusable   N/A       N/A         6

Dungeon Overview and Level Annotations

Branches:
Dungeon (15/15)            Temple (0/1) D:6            Lair (0/5) D:10
    Orc (0/2) D:12         Vaults (0/5) D:14        Ossuary (visited)
  IceCv (visited)
 Depths: D:15

Altars:
Ashenzari
Dithmenos
Gozag
Okawaru
Qazlal
Ru
Sif Muna
Vehumet
The Shining One

Shops:
D:4 !   D:9 (*(!   D:11 *   D:14 [*[((

Annotations:
D:4 2 transporters
D:14 Rupert


Innate Abilities, Weirdness & Mutations

You have a pair of horns on your head.
You reflexively headbutt those who attack you in melee.
Your flesh is cold resistant. (rC+)
You occasionally shout uncontrollably at your foes.
You are covered in fur. (AC +1)
You occasionally lose the ability to read scrolls when taking damage.


Message History

You headbutt the green draconian monk.
The green draconian monk is moderately wounded.
You feel very sick.
You gain the combat prowess of a mighty hero.
You feel very sick. The green draconian monk hits you!
The green draconian monk kicks you!
* * * LOW HITPOINT WARNING * * *
You block the green draconian monk's attack.
The green draconian monk tail-slaps you.
* * * LOW HITPOINT WARNING * * *
The apocalypse crab bites you but does no damage.
The apocalypse crab claws you.
* * * LOW HITPOINT WARNING * * *
The apocalypse crab freezes you. You resist.
* * * LOW HITPOINT WARNING * * *
A lich comes into view.
The lich shouts!
You hit the apocalypse crab but do no damage.
The apocalypse crab is moderately wounded.
You slash the green draconian monk! You burn the green draconian monk.
You feel sick.
You hear a roar!
The green draconian monk hits you!
* * * LOW HITPOINT WARNING * * *
The green draconian monk kicks you.
* * * LOW HITPOINT WARNING * * *
The green draconian monk tail-slaps you.
* * * LOW HITPOINT WARNING * * *
The green draconian monk tail-slaps you but does no damage.
The apocalypse crab bites you!
* * * LOW HITPOINT WARNING * * *
The apocalypse crab draws strength from your injuries!
The apocalypse crab claws you but does no damage.
You feel better.
The lich points at you and mumbles some strange words.
The bolt of cold hits you! You resist.
* * * LOW HITPOINT WARNING * * *
The green draconian monk hits you but does no damage.
The green draconian monk kicks you.
You die...

.. . .. # #.##.
#.. #.##. ##.. #
#.. .L... #..
... . . #.##..##
. #.##..##..#
#.......... # #
# #####t@.......
.. #°
#.q##..##..
...##..##
°##..##..##. ##§
. ....t.° .....
. .. ..# .....
........°...._..
. #3 #
..##..##..## .
#... . ..
#..##..# .# .. .
.. ...........
... . .#
................
... . #


You could see a green draconian monk, a lich and an apocalypse crab (poisoned).

Vanquished Creatures
  A lich (Abyss:3)
  Frances (D:12)
  A tentacled starspawn (Abyss:3)
  A daeva (Abyss:3)
  A frost giant (IceCv)
  An ironbound preserver (D:14)
  Nessos (D:14)
  Azrael (D:14)
  Snorg (D:12)
  4 hydras
  3 rakshasas (Abyss:3)
  4 centaur warriors
  3 two-headed ogres
  9 death yaks (IceCv)
  5 boulder beetles
  A tengu warrior (D:13)
  A thrashing horror (Abyss:4)
  Lodul (D:14)
  A wizard (D:14)
  3 deep elf pyromancers
  6 cyclopes
  11 ugly things
  3 manticores
  An ice statue (IceCv)
  A guardian serpent (D:9)
  An eye of devastation (shapeshifter) (D:15)
  2 smoke demons
  Jeremiah (D:7)
  A gargoyle (D:14)
  An unseen horror (D:12)
  3 kobold demonologists (D:12)
  A hellion (Abyss:4)
  A komodo dragon (D:13)
  4 rime drakes (IceCv)
  An efreet (D:15)
  Psyche (D:11)
  A hellwing (D:15)
  A tengu conjurer (D:13)
  4 polar bears (IceCv)
  A harpy zombie (Abyss:3)
  2 trolls
  2 hornets (D:10)
  2 raiju (Abyss:3)
  A harpy skeleton (Abyss:3)
  2 dream sheep (D:8)
  4 large abominations
  6 slime creatures
  32 yaks
  A ynoxinul (Abyss:3)
  A vampire (D:10)
  4 wraiths
  2 starcursed masses (Abyss:3)
  A neqoxec (Abyss:3)
  7 vampire mosquitoes
  2 fire elementals (D:14)
  2 chaos spawn
  Menkaure (D:7)
  Edmund (D:5)
  2 water moccasins (D:7)
  3 hell hounds (D:14)
  2 ice beasts
  A sky beast (D:8)
  5 orc warriors
  3 black bears
  9 ogres (D:14)
  5 wolves (IceCv)
  11 centaurs
  2 phantoms
  A small abomination (Abyss:3)
  9 kobold brigands
  2 bullfrogs (D:7)
  2 elf zombies (Ossuary)
  Blork the orc (D:4)
  2 scorpions
  4 wights (D:10)
  5 killer bees (D:6)
  3 howler monkeys
  A crimson imp (D:7)
  A centaur zombie (Ossuary)
  8 orc priests
  3 hounds
  A human zombie (Ossuary)
  A jelly (D:6)
  2 gnoll boudas
  3 iguanas
  9 orc wizards
  A sleepcap (D:7)
  A statue (D:7)
  4 ogre zombies (Ossuary)
  7 mummies (Ossuary)
  12 gnolls
  3 adders
  A shadow imp (D:6)
  3 white imps
  2 ufetubi
  4 adder zombies (Ossuary)
  2 worms
  4 dart slugs
  50 orcs
  10 endoplasms
  5 giant cockroaches
  6 goblins
  14 hobgoblins
  8 jackals
  A quokka (D:2)
  4 ball pythons
  7 bats
  3 frilled lizards
  7 goblin zombies
  7 hobgoblin zombies
  16 kobolds
  2 kobold skeletons (D:7)
  7 kobold zombies (Ossuary)
  2 orc skeletons (D:7)
  An orc zombie (D:7)
  2 quokka zombies (Ossuary)
  4 rats
  2 rat zombies (Ossuary)
  4 starspawn tentacles (Abyss:3)
470 creatures vanquished.

Vanquished Creatures (others)
  An ancient zyme (Abyss:3)
  A raiju (Abyss:3)
  An orc (D:12)
  A starspawn tentacle (Abyss:3)
4 creatures vanquished.

Grand Total: 474 creatures vanquished

Notes
Turn   | Place    | Note
-------+----------+-------------------------------------------
     0 | D:1      | arthad the Minotaur Fighter began the quest for the Orb.
     0 | D:1      | Reached XP level 1. HP: 19/19 MP: 0/0
    72 | D:1      | Reached XP level 2. HP: 27/27 MP: 1/1
   420 | D:1      | Reached XP level 3. HP: 33/33 MP: 2/2
  1472 | D:3      | Found a sacrificial altar of Ru.
  1546 | D:3      | Reached XP level 4. HP: 26/41 MP: 3/3
  1974 | D:3      | Found a stormy altar of Qazlal.
  2175 | D:4      | Found Atweagg's Distillery.
  2185 | D:4      | Reached XP level 5. HP: 47/47 MP: 4/4
  2195 | D:4      | Bought a potion of curing for 33 gold pieces
  2310 | D:4      | Noticed a black bear
  2332 | D:4      | Killed a black bear
  2333 | D:4      | Reached skill level 5 in Fighting
  2333 | D:4      | Reached skill level 5 in Armour
  2333 | D:4      | Reached skill level 5 in Shields
  2333 | D:4      | Reached XP level 6. HP: 52/56 MP: 5/5
  2376 | D:4      | Found a transporter.
  2418 | D:4      | Found a transporter.
  2511 | D:4      | Noticed Blork the orc
  2522 | D:4      | Killed Blork the orc
  2725 | D:4      | Found a shimmering blue altar of Sif Muna.
  2805 | D:4      | Found an iron altar of Okawaru.
  2878 | D:4      | Found a broken altar of Ashenzari.
  2908 | D:4      | Became a worshipper of Warmaster Okawaru
  2941 | D:4      | Found an opulent altar of Gozag.
  3068 | D:5      | Entered Level 5 of the Dungeon
  3091 | D:5      | Reached skill level 5 in Axes
  3095 | D:5      | Reached XP level 7. HP: 62/62 MP: 6/6
  3141 | D:5      | Found a sand-covered staircase.
  3146 | Ossuary  | Entered an ossuary
  3538 | Ossuary  | Reached * piety under Okawaru
  3583 | Ossuary  | Gained mutation: Your magical capacity is low. (-10% MP)
                  | [potion of mutation]
  3583 | Ossuary  | Gained mutation: You are occasionally teleported next to
                  | monsters. [potion of mutation]
  3946 | D:5      | Noticed Edmund
  3964 | D:5      | Killed Edmund
  3965 | D:5      | Reached XP level 8. HP: 25/71 MP: 6/6
  4780 | D:6      | Found a staircase to the Ecumenical Temple.
  5096 | D:6      | Reached ** piety under Okawaru
  5439 | D:6      | Found a shadowy altar of Dithmenos.
  5769 | D:7      | Reached XP level 9. HP: 50/81 MP: 7/7
  5776 | D:7      | Found a glowing golden altar of the Shining One.
  5778 | D:7      | Noticed Jeremiah
  5784 | D:7      | Reached skill level 1 in Invocations
  5835 | D:7      | Killed Jeremiah
  6138 | D:7      | Noticed Menkaure
  6145 | D:7      | Killed Menkaure
  6244 | D:7      | Found a radiant altar of Vehumet.
  6640 | D:8      | Identified a scroll of acquirement
  6648 | D:8      | Acquired 751 gold pieces
  6685 | D:8      | Reached *** piety under Okawaru
  6701 | D:7      | Lost mutation: Your magical capacity is low. (-10% MP)
                  | [potion of mutation]
  6701 | D:7      | Lost mutation: You are occasionally teleported next to
                  | monsters. [potion of mutation]
  6701 | D:7      | Gained mutation: You are dopey. (Int -2) [potion of
                  | mutation]
  6701 | D:7      | Gained mutation: You expend magic power (3 MP) to
                  | strengthen your wands. [potion of mutation]
  6701 | D:7      | Gained mutation: Your body sometimes deteriorates upon
                  | taking damage. [potion of mutation]
  6702 | D:7      | Lost mutation: Your body sometimes deteriorates upon taking
                  | damage. [potion of mutation]
  6702 | D:7      | Lost mutation: You expend magic power (3 MP) to strengthen
                  | your wands. [potion of mutation]
  6702 | D:7      | Gained mutation: Your flesh is cold resistant. (rC+)
                  | [potion of mutation]
  6702 | D:7      | Gained mutation: You occasionally shout uncontrollably at
                  | your foes. [potion of mutation]
  6702 | D:7      | Lost mutation: You are dopey. (Int -2) [potion of mutation]
  6702 | D:7      | Gained mutation: You are covered in fur. (AC +1) [potion of
                  | mutation]
  7244 | D:8      | Reached XP level 10. HP: 91/91 MP: 12/12
  7358 | D:8      | Noticed a two-headed hydra
  7372 | D:8      | Killed a six-headed hydra
  7757 | D:9      | Found Veph's Distillery.
  7781 | D:9      | Bought a potion of heal wounds for 70 gold pieces
  7781 | D:9      | Bought a potion of heal wounds for 70 gold pieces
  7781 | D:9      | Bought 2 potions of curing for 84 gold pieces
  7781 | D:9      | Bought a potion of curing for 42 gold pieces
  7781 | D:9      | Bought a potion of curing for 42 gold pieces
  7781 | D:9      | Bought a potion of curing for 42 gold pieces
  7781 | D:9      | Bought a potion of haste for 140 gold pieces
  7940 | D:9      | Found Gasuliox's Antique Weapon Boutique.
  7952 | D:9      | Reached **** piety under Okawaru
  7966 | D:9      | Reached skill level 10 in Fighting
  7966 | D:9      | Reached skill level 5 in Invocations
  8342 | D:9      | Found Yrickeok's Antique Weapon Shoppe.
  8350 | D:9      | Bought a polished broad axe for 270 gold pieces
  8350 | D:9      | Identified the +4 broad axe "Waduxic" {flame, Fragile rC+
                  | SInv} (You bought it in a shop on level 9 of the Dungeon)
  8361 | D:9      | Found Bosonouck's Assorted Antiques.
  8364 | D:9      | Noticed a two-headed ogre
  8373 | D:9      | Killed a two-headed ogre
  8374 | D:9      | Reached skill level 10 in Axes
  8530 | D:9      | Reached ***** piety under Okawaru
  8915 | D:9      | Noticed Harold
  8916 | D:9      | Harold changed into Harold the guardian serpent
  8916 | D:9      | Noticed Harold
  8925 | D:9      | Killed Harold the guardian serpent
  8925 | D:9      | Received a gift from Okawaru
  9115 | D:10     | Entered Level 10 of the Dungeon
  9230 | D:10     | Reached XP level 11. HP: 101/101 MP: 14/14
  9260 | D:10     | Received a gift from Okawaru
  9448 | D:10     | Found a staircase to the Lair.
  9654 | D:10     | Paralysed by a hornet for 3 turns
  9893 | D:10     | Reached skill level 1 in Throwing
 10286 | D:11     | Reached skill level 10 in Armour
 10314 | D:11     | Found a frozen archway.
 10444 | IceCv    | Entered an ice cave
 10450 | IceCv    | Received a gift from Okawaru
 10510 | IceCv    | Reached skill level 10 in Shields
 10517 | IceCv    | Noticed a death yak
 10530 | IceCv    | Killed a death yak
 10530 | IceCv    | Reached ****** piety under Okawaru
 10769 | IceCv    | Noticed a death yak
 10771 | IceCv    | Noticed a death yak
 10775 | IceCv    | Killed a death yak
 10780 | IceCv    | Killed a death yak
 11103 | IceCv    | Reached XP level 12. HP: 79/112 MP: 16/16
 11192 | IceCv    | Noticed a death yak
 11205 | IceCv    | Killed a death yak
 11267 | IceCv    | Noticed a death yak
 11278 | IceCv    | Killed a death yak
 11366 | IceCv    | Noticed a death yak
 11383 | IceCv    | Noticed a death yak
 11386 | IceCv    | Noticed a death yak
 11390 | IceCv    | Killed a death yak
 11397 | IceCv    | Killed a death yak
 11404 | IceCv    | Killed a death yak
 11650 | IceCv    | Noticed a death yak
 11650 | IceCv    | Noticed a frost giant
 11672 | IceCv    | Killed a frost giant
 11672 | IceCv    | Killed a death yak
 11672 | IceCv    | Identified the +5 cloak of Polytheism {rElec} (Okawaru
                  | gifted it to you in an ice cave)
 11672 | IceCv    | Received a gift from Okawaru
 12079 | D:11     | Found Juicaoc's General Store.
 12080 | D:11     | Noticed Psyche
 12156 | D:11     | Killed Psyche
 12483 | D:12     | Noticed a boulder beetle
 12503 | D:12     | Killed a boulder beetle
 12550 | D:12     | Noticed Snorg
 12564 | D:12     | Killed Snorg
 12774 | D:12     | You fall into a shaft and drop 3 floors!
 12774 | D:15     | Entered Level 15 of the Dungeon
 13596 | D:14     | Noticed Nessos
 13608 | D:14     | Killed Nessos
 13609 | D:14     | Reached XP level 13. HP: 49/122 MP: 15/19
 13885 | D:14     | Found Qoits's General Store.
 13995 | D:14     | Found Leneqeub's Antique Armour Emporium.
 14039 | D:14     | Noticed Azrael
 14058 | D:14     | Killed Azrael
 14066 | D:14     | Found an iron altar of Okawaru.
 14079 | D:14     | Reached skill level 5 in Throwing
 14336 | D:14     | Identified the scarf "Goukunt" {repulsion, Dex+4} (Okawaru
                  | gifted it to you on level 14 of the Dungeon)
 14336 | D:14     | Received a gift from Okawaru
 14348 | D:14     | HP: 6/123 [boulder beetle (15)]
 14348 | D:14     | Noticed an ironbound preserver
 14687 | D:12     | Found a staircase to the Orcish Mines.
 14803 | D:12     | Noticed Frances
 14816 | D:12     | Killed Frances
 14817 | D:12     | Reached skill level 10 in Invocations
 16204 | D:14     | Killed an ironbound preserver
 16229 | D:14     | Noticed Lodul
 16240 | D:14     | Killed Lodul
 16258 | D:14     | Found Wuadunk's Armour Shop.
 16332 | D:14     | Reached XP level 14. HP: 114/133 MP: 18/21
 16361 | D:14     | Identified the +5 broad axe of Paeb {flame, Str+4} (Okawaru
                  | gifted it to you on level 14 of the Dungeon)
 16361 | D:14     | Received a gift from Okawaru
 16603 | D:14     | Found a gate to the Vaults.
 16817 | D:14     | Noticed Rupert
 16822 | D:14     | Paralysed by Rupert for 3 turns
 16828 | Abyss:3  | Found a corrupted altar of Lugonu.
 16828 | Abyss:3  | Cast into level 3 of the Abyss (Rupert)
 16869 | Abyss:3  | Found a corrupted altar of Lugonu.
 16907 | Abyss:3  | Found a transporter.
 16909 | Abyss:3  | Noticed a tentacled monstrosity
 16909 | Abyss:3  | Noticed a tentacled starspawn
 16910 | Abyss:3  | Found a transporter.
 16911 | Abyss:3  | Found a corrupted altar of Lugonu.
 16911 | Abyss:3  | Noticed a tentacled monstrosity
 16911 | Abyss:3  | Noticed a tentacled monstrosity
 16936 | Abyss:3  | Reached skill level 15 in Fighting
 16939 | Abyss:3  | Gained mutation: You occasionally lose the ability to read
                  | scrolls when taking damage. [a neqoxec]
 16944 | Abyss:3  | Noticed a lich
 16956 | Abyss:3  | Killed a lich
 17059 | Abyss:3  | Noticed a tentacled starspawn
 17090 | Abyss:3  | Reached skill level 15 in Axes
 17094 | Abyss:3  | Killed a tentacled starspawn
 17106 | Abyss:3  | Noticed a daeva
 17131 | Abyss:3  | Killed a daeva
 17135 | D:14     | Escaped the Abyss
 17136 | D:14     | Found Tices's Weapon Boutique.
 17136 | D:14     | Found Sacih's Antique Weapon Boutique.
 17932 | Abyss:4  | Cast into level 4 of the Abyss (Rupert)
 17935 | Abyss:4  | Found a candlelit altar of Ignis.
 17964 | Abyss:4  | Found a corrupted altar of Lugonu.
 17997 | Abyss:4  | Noticed a green draconian monk
 18018 | Abyss:4  | Noticed a lich
 18020 | Abyss:4  | HP: 5/135 [lich/bolt of cold (8)]
 18020 | Abyss:4  | Slain by a green draconian monk

Illustrated notes

Levels and vault maps discovered:
D:1:      dpeg_arrival_renting, layout_loops_ring
D:2:      layout_loops_ring, minmay_three_crescents
D:3:      layout_rooms, nicolae_ru_path_of_blood, mainiacjoe_overflow_alcove_2,
          minmay_quadrilaterals
D:4:      layout_cave_pools, tgw_sif, nicolae_overflow_crystal_walls,
          minitemple, gammafunk_ghost_gnarly_gnolls, serial_shops,
          nicolae_shop_industrial_runoff, uniq_blork_the_orc
D:5:      layout_cave_pools, enter_ossuary_2, cheibrodos_gnoll_hut, uniq_edmund
D:6:      layout_rooms, grunt_dithmenos_shadows, minmay_temple_entry_mist,
          kennysheep_generic_room_2
D:7:      layout_rooms, nicolae_tso_besieged_by_evil, vehumet_statue,
          nicolae_sextant, uniq_menkaure, uniq_jeremiah
D:8:      layout_rooms, hangedman_ranch
D:9:      layout_basic, serial_shops, nicolae_diamond_shop,
          nicolae_shop_temple_entry_statues_fountains, nicolae_diamond_shop,
          kennysheep_mini, uniq_harold
D:10:     layout_rooms, lair_entry_dummy
D:11:     layout_rooms, serial_shops, shop, portal_ice_cave_entry_pillars_2,
          hangedman_corner_corridor, uniq_psyche
D:12:     layout_rooms, david_orc_5, uniq_snorg, uniq_frances
D:13:     layout_irregular_city, nicolae_hexahallways, lemuel_flamethrower_hall
D:14:     layout_rooms, skrybe_vaults_entry_preservation, serial_shops, shop,
          nicolae_shop_tiny_statue_garden, shop, shop, shop,
          kennysheep_nondescript, okawaru_metal_pillars_3, uniq_azrael,
          uniq_rupert, uniq_lodul, uniq_nessos
D:15:     grunt_enter_depths_magical_seal, layout_layer_cave, minivault_4,
          serial_demonic, serial_demonic_c, serial_demonic_b, serial_demonic_c,
          serial_demonic_c, serial_demonic_e
Abyss:4:  base: Temple, grunt_abyss_rune_wretched_hive, bh_abyss_negative,
          spicy_abyss_pitcher_plant, evilmike_abyss_rune_siren_acolytes

Skill      XL: |  1  2  3  4  5  6  7  8  9 10 11 12 13 14 |
---------------+-------------------------------------------+-----
Fighting       | 4 5 6 8 9 10 12 13 14 15 | 15.4
Armour         | 4 5 6 7 8 9 10 11 12 | 12.3
Axes           | 3 4 5 6 7 9 10 11 13 14 15 | 15.2
Shields        | 4 5 6 7 8 9 10 11 12 | 12.2
Invocations    | 4 6 7 9 10 11 | 11.4
Throwing       | 3 4 6 |  6.8

Action                     |  1- 3 |  4- 6 |  7- 9 | 10-12 | 13-15 || total
---------------------------+-------+-------+-------+-------+-------++-------
  Melee: War axe           |    91 |    87 |   408 |    53 |       ||   639
         Headbutt          |     8 |    16 |    87 |    91 |    87 ||   289
         Broad axe         |       |       |       |   312 |   369 ||   681
         Trident           |       |       |       |     9 |       ||     9
  Throw: Dart              |       |     4 |       |    53 |    45 ||   102
         Boomerang         |       |       |       |     3 |       ||     3
 Invoke: Heroism           |       |       |     2 |     6 |    10 ||    18
         Finesse           |       |       |       |       |     3 ||     3
  Evoke: Wand              |       |       |       |     2 |     6 ||     8
    Use: Potion            |       |     1 |     6 |     5 |    14 ||    26
         Scroll            |       |       |    12 |     5 |     9 ||    26
 Armour: Scale mail        |    61 |    66 |   314 |   354 |   251 ||  1046
         Skin              |       |       |       |    14 |       ||    14
  Dodge: Dodged            |    52 |    40 |   181 |   188 |   166 ||   627
         Repelled          |       |       |       |     2 |       ||     2
  Block: Buckler           |    18 |    25 |    89 |   107 |   147 ||   386
         Reflection        |       |       |       |       |     5 ||     5

Table legend: (Time is in decaauts)
 A = Elapsed time spent in this place.
 B = Non-inter-level travel time spent in this place.
 C = Inter-level travel time spent in this place.
 D = Time resting spent in this place.
 E = Time spent auto-exploring this place.
 F = Levels seen in this place.
 G = Mean time per level.
                   A        B        C        D        E       F      G
               +--------+--------+--------+--------+--------+-----+--------+
         Total |  18016 |  17558 |    458 |   2299 |  11992 |  19 |  948.2 |
       Dungeon |  15343 |  14885 |    458 |   1540 |  10897 |  15 | 1022.9 |
         Abyss |    324 |    324 |      0 |      0 |     57 |   2 |  162.0 |
       Ossuary |    799 |    799 |      0 |    176 |    391 |   1 |  799.0 |
      Ice Cave |   1549 |   1549 |      0 |    582 |    647 |   1 | 1549.0 |
               +--------+--------+--------+--------+--------+-----+--------+

Top non-repeatable levels by time:
    D:14: 1703 daAuts
   IceCv: 1549 daAuts
    D:13: 1486 daAuts
     D:9: 1358 daAuts
     D:7: 1275 daAuts
    D:12: 1071 daAuts
     D:8: 1000 daAuts
     D:4: 951 daAuts
    D:10: 948 daAuts
     D:5: 933 daAuts
    D:11: 844 daAuts
    D:15: 814 daAuts
 Ossuary: 799 daAuts
     D:6: 773 daAuts
     D:1: 737 daAuts
